 Dungeon Crawl Stone Soup version 0.28.0-45-g0d030f2227 (webtiles) character file.

Game seed: 12730724815158141069

13960 Descartes the Placeless Cat (level 11, -32/43 HPs)
             Began as a Felid Warper on Apr 18, 2022.
             Was a High Priest of Elyvilon.
             Annihilated by a boulder beetle (60 damage)
             ... on level 12 of the Dungeon.
             The game lasted 00:49:36 (37181 turns).

Descartes the Placeless Cat (Felid Warper)         Turns: 37181, Time: 00:49:37

Health: -32/43     AC:  2    Str:  9    XL:     11   Next: 82%
Magic:  15/15      EV: 26    Int: 17    God:    Elyvilon [*****.]
Gold:   880        SH:  5    Dex: 16    Spells: 1/15 levels left
                                        Lives:  0   Deaths: 3

rFire   . . .      SeeInvis +     - Unarmed
rCold   . . .      Faith    .   (shield unavailable)
rNeg    . . .      Spirit   .   (armour unavailable)
rPois   .          Reflect  +   (helmet unavailable)
rElec   .          Harm     .   (cloak unavailable)
rCorr   .          Rampage  .   (gloves unavailable)
Will    ++...                   (boots unavailable)
Stlth   +++++.....              J - amulet of reflection
HPRegen 0.14/turn               m - ring of willpower
MPRegen 0.14/turn               y - +4 ring of slaying

@: quick
A: very small, claws 1, fangs 3, see invisible, speed 1, shaggy fur 2, stealthy
paws, no weapons or thrown items, no armour, multi-lived
a: Renounce Religion, Purification, Heal Other, Heal Self, Divine Vigour


You were on level 12 of the Dungeon.
You worshipped Elyvilon.
Elyvilon was extremely pleased with you.
You visited 3 branches of the dungeon, and saw 15 of its levels.

You collected 880 gold pieces.

Inventory:

Missiles
 c - 410 stones
Jewellery
 i - an amulet of guardian spirit
 l - a ring of resist corrosion
 m - a ring of willpower (left paw)
 x - a +6 ring of intelligence
 y - a +4 ring of slaying (right paw)
 B - a ring of wizardry
 D - a +6 ring of intelligence
 J - an amulet of reflection (around neck)
Wands
 p - a wand of mindburst (3)
 z - a wand of charming (7)
 H - a wand of digging (10)
 K - a wand of flame (23)
Scrolls
 a - 6 scrolls of blinking
 d - 2 scrolls of brand weapon
 e - 2 scrolls of noise {unknown}
 f - 6 scrolls of teleportation
 g - 4 scrolls of immolation
 h - 2 scrolls of silence
 k - 3 scrolls of summoning
 s - a scroll of torment
 u - 2 scrolls of fear {unknown}
 A - a scroll of enchant armour {unknown}
 I - a scroll of vulnerability {unknown}
Potions
 b - 2 potions of attraction {unknown}
 j - 3 potions of mutation {unknown}
 n - 2 potions of degeneration {unknown}
 o - 2 potions of heal wounds {unknown}
 q - 3 potions of magic
 r - a potion of invisibility {unknown}
 t - 2 potions of curing {unknown}
 v - 2 potions of berserk rage {unknown}
 w - 2 potions of might {unknown}
 C - a potion of cancellation {unknown}
 F - a potion of haste {unknown}
 G - a potion of flight {unknown}
 M - a potion of lignification {unknown}
Miscellaneous
 E - a condenser vane
 L - a condenser vane


   Skills:
 - Level 2.0 Fighting
 + Level 13.2 Dodging
 + Level 11.8 Stealth
 + Level 12.7 Unarmed Combat
 + Level 2.5 Spellcasting
 + Level 13.5 Translocations
 + Level 3.2 Transmutations
 + Level 2.6 Earth Magic
 - Level 5.0 Evocations


You had one spell level left.
You knew the following spells:

 Your Spells              Type           Power      Damage    Failure   Level
a - Blink                 Tloc           96%        N/A       1%          2
b - Teleport Other        Tloc           48%        N/A       1%          3
c - Manifold Assault      Tloc           48%        N/A       1%          5
d - Passwall              Tmut/Erth      10%        N/A       9%          2
e - Wereblood             Tmut           13%        N/A       8%          2

Your spell library contained the following spells:

 Spells                   Type           Power      Damage    Failure   Level
 Beastly Appendage        Tmut           26%        N/A       4%          1
 Magic Dart               Conj           8%         1d3       19%         1
 Gell's Gravitas          Tloc           48%        N/A       1%          3
 Lesser Beckoning         Tloc           48%        N/A       1%          3
 Passage of Golubria      Tloc           48%        N/A       1%          4
 Call Imp                 Summ           2%         N/A       28%         2
 Ensorcelled Hibernation  Hex/Ice        4%         N/A       28%         2
 Spider Form              Tmut/Pois      7%         N/A       28%         3
 Petrify                  Tmut/Erth      12%        N/A       47%         4
 Mephitic Cloud           Conj/Pois/Air  2%         N/A       50%         3
 Summon Guardian Golem    Hex/Summ       2%         N/A       50%         3
 Swiftness                Air            2%         N/A       50%         3
 Airstrike                Air            1%         N/A       88%         4
 Olgreb's Toxic Radiance  Pois           2%         N/A       88%         4
 Summon Ice Beast         Ice/Summ       2%         N/A       88%         4
 Summon Lightning Spire   Summ/Air       2%         N/A       88%         4
 Borgnjor's Vile Clutch   Necr/Erth      3%         N/A       96%         5
 Lightning Bolt           Conj/Air       1%         1d12      99%         5
 Metabolic Englaciation   Hex/Ice        1%         N/A       99%         5
 Statue Form              Tmut/Erth      8%         N/A       100%        6
 Malign Gateway           Summ/Tloc      12%        N/A       100%        7
 Orb of Destruction       Conj           1%         9d5       100%        7
 Ozocubu's Refrigeration  Ice            1%         4d5       100%        7
 Spellforged Servitor     Conj/Summ      1%         N/A       100%        7
 Borgnjor's Revivificati  Necr           1%         N/A       100%        8
 Ignition                 Fire           1%         3d3       100%        8
 Necromutation            Tmut/Necr      3%         N/A       100%        8
 Summon Horrible Things   Summ           1%         N/A       100%        8
 Death's Door             Necr           1%         N/A       100%        9


Dungeon Overview and Level Annotations

Branches:
Dungeon (12/15)            Temple (1/1) D:5            Lair (2/6) D:10
    Orc (0/2) D:11
  Swamp: Lair:2-4    Shoals: Lair:2-4     Snake: Lair:2-4    Spider: Lair:2-4

Altars:
Ashenzari
Cheibriados
Dithmenos
Elyvilon
Fedhas
Gozag
Hepliaklqana
Kikubaaqudgha
Makhleb
Nemelex Xobeh
Okawaru
Qazlal
Ru
Sif Muna
Trog
Uskayaw
Vehumet
Wu Jian
Xom
Yredelemnul
Zin
The Shining One
Beogh


Innate Abilities, Weirdness & Mutations

You have sharp claws.
You have razor-sharp teeth.
You have supernaturally acute eyesight. (SInv)
You cover ground quickly. (Speed+)
You are covered in thick fur. (AC +2)
Your paws help you pounce on unaware monsters.
You are incapable of wielding weapons or throwing items.
You cannot wear armour.
You gain extra lives every three experience levels.


Message History

Found 19 gold pieces.
The unseen horror hits you.
You barely miss the unseen horror.
The unseen horror completely misses you.
A boulder beetle comes into view.
You scratch the unseen horror. You claw the unseen horror.
You bite the unseen horror.
The unseen horror is moderately wounded.
The unseen horror completely misses you.
You claw the unseen horror!
The unseen horror is severely wounded.
The unseen horror hits you but does no damage.
You claw the unseen horror!
You kill the unseen horror!
You scratch the boulder beetle but do no damage.
You block the boulder beetle's attack.
You scratch the boulder beetle but do no damage.
You claw the boulder beetle, but do no damage.
The boulder beetle bites you!
You barely miss the boulder beetle.
The boulder beetle leaps!
The boulder beetle leaps!
Found a glowing silver altar of Zin.
The boulder beetle completely misses you.
You scratch the boulder beetle but do no damage.
The boulder beetle leaps!
You scratch the boulder beetle.
The boulder beetle is lightly wounded.
You scratch the boulder beetle.
The boulder beetle is lightly wounded.
The boulder beetle bites you.
You claw the boulder beetle! You claw the boulder beetle.
The boulder beetle is moderately wounded.
The boulder beetle misses you.
You scratch the boulder beetle.
The boulder beetle is moderately wounded.
The boulder beetle leaps!
The boulder beetle curls into a ball and begins rolling!
The boulder beetle hits you!!!
Ouch! That really hurt!
You die...

####.####### ##..######
#####...## ##..#######
###........# #.........###
##..........# #...........###
#..#........# ###.........#....
#.##........#####...........#....
#.##........#.....+.........#....
#.##........................##...
#.##..........○B@.°.........##...
..##.).................$....##...
####........................##...
.#..♣._.♣♣.#$......####' ##
♣♣♣♣.#######'### #. # ..# #. ###
.# '## #. ..# ########.## #. ..#
#.........# #......# #.


You could see a boulder beetle (rolling).

Vanquished Creatures
  A boulder beetle (D:11)
  A hydra (D:12)
  3 two-headed ogres
  3 death yaks
  An ugly thing (D:11)
  A black mamba (Lair:2)
  4 cane toads
  An unseen horror (D:12)
  4 komodo dragons
  3 trolls
  6 slime creatures
  4 blink frogs
  Sigmund (D:2)
  A shadow (D:10)
  2 vampires
  A wyvern (D:8)
  21 yaks
  A wraith (D:11)
  A basilisk (Lair:1)
  A steam dragon (D:7)
  2 acid dragons
  6 water moccasins
  2 ice beasts
  7 orc warriors
  2 sky beasts
  3 black bears
  A necrophage (D:6)
  An ogre (D:4)
  8 wolves
  4 centaurs
  2 kobold brigands
  2 bullfrogs
  A gnoll sergeant (D:8)
  A scorpion (D:5)
  7 killer bees
  2 howler monkeys
  3 electric eels (D:10)
  2 wights
  4 hounds
  12 orc priests
  A jelly (D:4)
  4 iguanas
  23 orc wizards
  A killer bee zombie (D:6)
  3 hound skeletons
  3 gnolls (D:8)
  A howler monkey skeleton (D:5)
  2 adders (D:2)
  A shadow imp (D:7)
  A white imp (D:7)
  An ufetubus (D:6)
  2 worms (D:2)
  2 dart slugs
  49 orcs
  4 bats
  3 endoplasms
  2 giant cockroaches (D:2)
  8 goblins
  4 hobgoblins
  16 kobolds
  3 quokkas
  13 ball pythons
  6 frilled lizards
  9 rats
  A butterfly (Lair:1)
296 creatures vanquished.

Vanquished Creatures (collateral kills)
  Sonja (Lair:2)
  A cane toad (Lair:2)
  A polar bear (Lair:2)
  A blink frog (Lair:2)
  A yak (Lair:2)
  A basilisk (Lair:2)
  A steam dragon (Lair:2)
  A water moccasin (Lair:2)
  A bullfrog (Lair:2)
9 creatures vanquished.

Vanquished Creatures (others)
  13 fungi
  15 plants
28 creatures vanquished.

Grand Total: 333 creatures vanquished

Notes
Turn   | Place    | Note
-------+----------+-------------------------------------------
     0 | D:1      | Descartes the Felid Warper began the quest for the Orb.
     0 | D:1      | Reached XP level 1. HP: 9/9 MP: 4/4
   296 | D:1      | Reached XP level 2. HP: 9/13 MP: 6/6
  1914 | D:2      | Reached XP level 3. HP: 9/16 MP: 7/7
  2085 | D:2      | Noticed Sigmund
  2330 | D:2      | Learned a level 2 spell: Blink
  2334 | D:2      | Learned a level 3 spell: Teleport Other
  2537 | D:2      | Identified the +1 leather armour of the True Pharaoh
                  | {Regen+ rCorr Int+2 Dex+2}
  2623 | D:2      | Reached skill level 5 in Dodging
  3605 | D:2      | Reached XP level 4. HP: 19/19 MP: 8/8
  3632 | D:2      | Found a faded altar of an unknown god.
  5032 | D:4      | Reached XP level 5. HP: 11/22 MP: 9/9
  5270 | D:4      | Noticed an ogre
  5297 | D:4      | Killed an ogre
  5298 | D:4      | Reached skill level 5 in Translocations
  6426 | D:4      | Killed from afar by an orc priest
  6427 | D:4      | Reached XP level 4. HP: 0/19 MP: 8/8
  6495 | D:4      | Reached XP level 5. HP: 22/22 MP: 9/9
  8794 | D:2      | Killed Sigmund
  8795 | D:2      | Gained mutation: You are covered in thick fur. (AC +2)
                  | [Felid growth]
  8795 | D:2      | Reached XP level 6. HP: 8/26 MP: 3/10
  9256 | D:2      | Found a faded altar of an unknown god.
  9568 | D:5      | Entered Level 5 of the Dungeon
  9582 | D:5      | Reached skill level 5 in Unarmed Combat
  9914 | D:5      | Found a staircase to the Ecumenical Temple.
  9921 | Temple   | Entered the Ecumenical Temple
 10152 | Temple   | Became a worshipper of Elyvilon the Healer
 10522 | D:5      | Reached * piety under Elyvilon
 10572 | D:5      | Noticed a yak
 10572 | D:5      | Noticed a yak
 10594 | D:5      | Got the Volume of the Entourage
 11621 | D:6      | Reached XP level 7. HP: 24/30 MP: 8/11
 11984 | D:6      | Found a snail-covered altar of Cheibriados.
 12377 | D:5      | Learned a level 5 spell: Manifold Assault
 13140 | D:5      | Noticed a yak
 13441 | D:4      | Killed a yak
 13519 | D:5      | Noticed a yak
 13521 | D:5      | Noticed a yak
 13521 | D:5      | Noticed a yak
 13620 | D:4      | Reached XP level 8. HP: 19/33 MP: 10/12
 15635 | D:6      | Got the Catalogue of the Earthen Voyage
 15732 | D:6      | Found a shadowy altar of Dithmenos.
 16279 | D:7      | Reached ** piety under Elyvilon
 16343 | D:5      | Reached XP level 9. HP: 9/36 MP: 4/13
 16699 | D:5      | Found a staircase to the Ecumenical Temple.
 17860 | D:7      | Reached skill level 10 in Dodging
 18030 | D:7      | You fall into a shaft and drop 1 floor!
 18030 | D:8      | Noticed a two-headed ogre
 18051 | D:8      | Killed a two-headed ogre
 18052 | D:8      | Reached skill level 10 in Unarmed Combat
 18052 | D:8      | Reached skill level 10 in Translocations
 18069 | D:8      | HP: 1/36 [centaur/arrow (9)]
 18395 | D:8      | Reached skill level 5 in Stealth
 18535 | D:8      | Noticed a two-headed ogre
 18544 | D:8      | Slain by a two-headed ogre
 18545 | D:8      | Reached XP level 8. HP: -1/33 MP: 0/12
 18607 | D:8      | Found a shadowy altar of Dithmenos.
 19448 | D:7      | Reached skill level 1 in Evocations
 19448 | D:7      | Reached XP level 9. HP: 22/36 MP: 6/13
 20575 | D:8      | Reached *** piety under Elyvilon
 23354 | D:8      | Found a shadowy altar of Dithmenos.
 23546 | D:8      | Killed a two-headed ogre
 23547 | D:8      | Reached XP level 10. HP: 34/40 MP: 11/14
 24365 | D:9      | Learned a level 2 spell: Passwall
 24628 | D:10     | Entered Level 10 of the Dungeon
 24628 | D:10     | Reached **** piety under Elyvilon
 25226 | D:10     | Reached skill level 5 in Evocations
 25310 | D:10     | Found a staircase to the Lair.
 25730 | D:10     | Noticed a two-headed ogre
 26004 | D:9      | Elyvilon protects you from harm!
 26480 | D:9      | Killed a two-headed ogre
 27308 | D:9      | Reached XP level 11. HP: 12/43 MP: 4/15
 28079 | Lair:1   | Entered Level 1 of the Lair of Beasts
 28963 | D:11     | Noticed a white ugly thing
 28968 | D:11     | Killed a white ugly thing
 28969 | D:11     | Identified the +7 rapier of Catotz {vamp, rElec rF++}
 29111 | D:11     | Found a staircase to the Orcish Mines.
 29229 | Lair:1   | Noticed a death yak
 29229 | Lair:1   | Noticed a death yak
 29304 | Lair:1   | Noticed a death yak
 29378 | Lair:1   | Killed a death yak
 29977 | D:11     | Noticed a boulder beetle
 30389 | D:10     | Killed a death yak
 30390 | D:10     | Reached skill level 10 in Stealth
 30657 | D:9      | Killed a death yak
 31127 | D:11     | Killed a boulder beetle
 32146 | Lair:1   | HP: 2/43 [blink frog (5)]
 32147 | Lair:1   | Elyvilon protects you from harm!
 32147 | Lair:1   | Slain by a water moccasin
 32148 | Lair:1   | Reached XP level 10. HP: -2/40 MP: 0/14
 33365 | Lair:2   | Reached XP level 11. HP: 43/43 MP: 15/15
 33635 | Lair:2   | Reached ***** piety under Elyvilon
 33717 | Lair:2   | Noticed Sonja
 34010 | Lair:2   | Reached skill level 1 in Transmutations
 34103 | Lair:2   | Reached skill level 1 in Earth Magic
 34115 | Lair:2   | Elyvilon protects you from harm!
 34130 | Lair:2   | Noticed an alligator
 34656 | Lair:2   | Killed Sonja
 34943 | Lair:2   | Noticed a five-headed hydra
 35379 | Lair:2   | Noticed a fire crab
 35408 | Lair:1   | Learned a level 2 spell: Wereblood
 35581 | D:11     | HP: 1/43 [komodo dragon (24)]
 36708 | D:12     | HP: 1/43 [gargoyle/+0 mace (19)]
 37043 | D:12     | Noticed an eight-headed hydra
 37046 | D:12     | Killed an eight-headed hydra
 37160 | D:12     | Noticed a boulder beetle
 37170 | D:12     | Found a glowing silver altar of Zin.
 37181 | D:12     | Annihilated by a boulder beetle

Illustrated notes

Levels and vault maps discovered:
D:1:      grunt_arrival_crossed_arrows, layout_loops_cross
D:2:      minmay_recursive_quarters, layout_loops_corners,
          hellmonk_ecumenical_altar_inner_sanctum, uniq_sigmund
D:3:      layout_basic
D:4:      layout_cave_pods
D:5:      layout_basic, minmay_temple_entry_wispy
D:6:      layout_loops_ring, minmay_misc_feat_five, hangedman_feature_mirror
D:7:      layout_cave_pods, kennysheep_generic_room_14
D:8:      layout_loops_ring, general_overflow_altar,
          chequers_serial_rivers_micro_e
D:9:      layout_roguey, serial_bayou_pond_d
D:10:     layout_loops_ring, erik_lair_island
D:11:     layout_roguey, minmay_orc_entry_temple_large, minivault_22
D:12:     layout_roguey, zin_academy
Temple:   mainiacjoe_temple_hex_bubbles
Lair:1:   layout_small_grid, lemuel_fruit_fields
Lair:2:   layout_regular_city, nicolae_lair_lakeside_cave, uniq_sonja

Skill      XL: |  1  2  3  4  5  6  7  8  9 10 11 |
---------------+----------------------------------+-----
Dodging        | 4 5 6 7 8 9 11 12 13 | 13.2
Unarmed Combat | 3 4 5 7 8 10 11 12 | 12.7
Translocations | 6 8 11 12 13 | 13.5
Stealth        | 5 11 10 | 11.8
Evocations     | 1 3 5 |  5.0
Transmutations | 3 |  3.2
Earth Magic    | 2 |  2.6
Fighting       | |  2.0
Spellcasting   | |  2.5

Action                   |  1- 3 |  4- 6 |  7- 9 | 10-12 || total
-------------------------+-------+-------+-------+-------++-------
Melee: Unarmed           |   144 |   189 |   439 |   611 ||  1383
       Bite              |    12 |    16 |    56 |    94 ||   178
       Punch             |     2 |     9 |    27 |    52 ||    90
 Cast: Manifold Assault  |       |       |     5 |    11 ||    16
       Teleport Other    |       |       |       |     2 ||     2
       Blink             |       |       |       |     1 ||     1
Evoke: Wand              |       |     2 |     3 |     5 ||    10
  Use: Scroll            |       |     3 |     2 |     3 ||     8
 Stab: Distracted        |     1 |       |       |     7 ||     8
       Sleeping          |       |     1 |     3 |     8 ||    12
Armor: Skin              |    13 |     3 |    15 |     8 ||    39
Dodge: Dodged            |   131 |   150 |   402 |   432 ||  1115
Block: Other             |       |       |       |    31 ||    31
       Reflection        |       |       |       |     1 ||     1
